Map: Taito Citadel LE

Players

NickSoft - Winner!

  • Race: Protoss Protoss
  • League: Diamond
  • Spawn Location: 5:00

HoldTheDoor

  • Race: Protoss Protoss
  • League: Diamond
  • Spawn Location: 11:00

VOD

Have the link to the VOD?

Description

Time

  • Played on: May 14, 2026, 12:34 p.m.
  • Length: 14:57
Show
View Real Time Build Order
Export as new Build Order

NickSoft Protoss - Winner!

Build Orders: Zealot Archon 

Get SALT Encoding   

  12  0:00  Probe  
  13  0:12  Probe  
  14  0:19  Pylon  
  14  0:24  Probe  
  15  0:35  Probe  
  15  0:38  Gateway  
  15  0:41  Assimilator  
  16  0:43  Probe  
  17  0:51  Probe  
  18  1:03  Probe  
  19  1:15  Probe  
  20  1:27  Cybernetics Core, Probe  
  21  1:39  Pylon  
  22  1:40  Probe  
  23  1:57  Nexus  
  23  2:05  Gateway  
  22  2:11  Stalker  
  24  2:17  Pylon  
  24  2:22  Assimilator  
  24  2:24  Probe  
  25  2:37  Probe  
  26  2:38  Warp Gate  
  26  2:39  Stalker  
  28  2:48  Shield Battery  
  28  2:49  Probe  
  28  2:54  Gateway  
  28  3:01  Probe  
  29  3:09  Gateway  
  29  3:13  Pylon  
  29  3:15  Stalker  
  31  3:25  Pylon  
  31  3:32  Probe  
  32  3:34  Probe  
  32  3:39  Stalker  
  33  3:44  Probe  
  33  3:46  Probe  
  37  3:56  Probe  
  37  3:57  Forge  
  37  3:59  Probe  
  39  4:08  Probe  
  40  4:11  Probe  
  41  4:20  Shield Battery, Probe, Pylon  
  41  4:23  Probe  
  43  4:30  Photon Cannon  
  43  4:32  Probe  
  43  4:37  Probe  
  45  4:39  Photon Cannon  
  45  4:42  Sentry  
  45  4:43  Protoss Ground Weapons Level 1  
  45  4:44  Sentry, Probe  
  50  4:49  Probe  
  51  4:56  Probe  
  51  4:58  Gateway  
  52  5:01  Probe  
  53  5:08  Probe  
  53  5:11  Twilight Council  
  53  5:13  Probe  
  55  5:20  Probe  
  56  5:25  Stalker x2, Probe  
  61  5:33  Probe  
  62  5:35  Shield Battery  
  62  5:37  Stalker, Probe  
  62  5:40  Assimilator  
  65  5:44  Assimilator  
  65  5:45  Probe  
  65  5:49  Probe  
  67  5:57  Nexus  
  67  5:58  Pylon  
  67  6:01  Gateway  
  67  6:04  Probe  
  68  6:13  Templar Archives  
  68  6:14  Probe, Pylon  
  68  6:17  Probe  
  70  6:18  Zealot x2  
  70  6:21  Protoss Ground Weapons Level 2  
  74  6:28  Probe  
  74  6:30  Zealot x2  
  74  6:31  Charge  
  78  6:37  Pylon  
  78  6:38  Gateway  
  78  6:39  Probe  
  79  6:40  Probe  
  80  6:50  High Templar x2  
  80  6:51  Probe  
  80  6:52  Probe  
  86  6:54  Archon  
  86  7:03  Probe  
  86  7:04  Probe  
  88  7:09  Photon Cannon  
  88  7:11  Shield Battery, Pylon  
  88  7:12  Zealot x2  
  88  7:15  Probe  
  93  7:16  Probe  
  93  7:19  Pylon  
  94  7:26  Pylon  
  94  7:29  Probe, Photon Cannon  
  95  7:30  Assimilator  
  95  7:35  Assimilator  
  95  7:42  High Templar x2  
  99  7:45  Forge  
  99  7:47  Gateway, Pylon, Archon  
  99  7:48  High Templar x2  
  103  7:52  High Templar  
  103  7:53  High Templar, Archon  
  103  7:58  Probe  
  108  8:02  Photon Cannon  
  108  8:03  Gateway  
  108  8:04  Photon Cannon  
  108  8:05  Pylon, Gateway  
  108  8:06  Probe  
  108  8:10  Probe  
  110  8:13  Robotics Facility  
  110  8:18  Probe  
  111  8:21  Photon Cannon  
  111  8:22  Probe  
  111  8:23  High Templar  
  111  8:24  High Templar  
  111  8:25  Zealot x2  
  120  8:29  Archon  
  120  8:30  Protoss Ground Weapons Level 3, Probe  
  120  8:32  Probe  
  122  8:34  Probe  
  122  8:36  Protoss Ground Armor Level 1  
  123  8:43  Probe  
  123  8:44  Probe  
  123  8:46  Probe  
  126  8:48  Zealot x3  
  126  8:51  Zealot  
  134  8:57  Probe  
  134  8:58  Zealot x2  
  139  9:03  Probe  
  139  9:07  Zealot x3  
  146  9:10  Archon  
  146  9:11  Archon  
  146  9:15  Archon  
  122  10:01  Probe  
  123  10:13  High Templar x2, Zealot  
  123  10:14  Zealot x6, Nexus  
  131  10:18  Nexus  
  131  10:20  Protoss Shields Level 1  
  141  10:22  Pylon, Archon  
  141  10:32  Pylon  
  141  10:40  High Templar x2, Zealot  
  141  10:41  Zealot x4  
  155  10:45  Observer  
  155  10:47  Archon  
  148  11:06  High Templar  
  148  11:07  High Templar x3  
  148  11:08  Zealot x3  
  148  11:11  Protoss Ground Armor Level 2  
  162  11:13  Archon  
  162  11:14  Archon  
  162  11:18  Shield Battery  
  162  11:20  Photon Cannon  
  162  11:26  Immortal  
  162  11:29  Zealot  
  162  11:30  Zealot x4  
  176  11:36  Pylon  
  176  11:38  Probe  
  176  11:39  Pylon  
  177  11:44  Photon Cannon  
  173  12:05  Immortal  
  175  12:16  Zealot x2  
  175  12:17  Zealot x7  
  181  12:43  High Templar x2  
  181  12:44  High Templar x2  
  174  12:46  Zealot x5  
  129  13:17  Probe  
  126  13:24  Zealot x9  
  144  13:32  Archon x2  
  130  13:57  High Templar x2  
  130  13:58  Zealot x7  
  130  14:01  Observer  
  148  14:05  Archon  
  148  14:14  Pylon, Gateway  
  148  14:15  Gateway  
  148  14:17  Gateway  
  148  14:18  Photon Cannon x2  
  148  14:19  Observer, Probe  
  148  14:20  Shield Battery  
  148  14:21  Pylon  
  148  14:22  Assimilator  
  150  14:25  Assimilator  
  145  14:31  Probe  
  127  14:40  Zealot x2  
  127  14:41  Zealot x6  
  111  14:54  Nexus  
Show
View Real Time Build Order
Export as new Build Order

HoldTheDoor Protoss 

Build Orders: Archon Immortal 

Get SALT Encoding   

  12  0:00  Probe  
  13  0:12  Probe  
  14  0:17  Pylon  
  14  0:24  Probe  
  15  0:32  Probe  
  15  0:38  Gateway  
  15  0:40  Probe  
  17  0:50  Assimilator  
  17  0:51  Probe  
  18  1:03  Pylon  
  18  1:05  Probe  
  18  1:09  Assimilator  
  19  1:17  Probe  
  20  1:27  Cybernetics Core  
  20  1:31  Probe  
  21  1:34  Pylon  
  21  1:43  Probe  
  22  1:51  Stalker  
  22  1:55  Probe  
  23  2:08  Probe  
  26  2:10  Warp Gate  
  26  2:28  Stalker  
  28  3:05  Pylon  
  28  3:06  Sentry  
  28  3:12  Nexus  
  30  3:14  Pylon  
  30  3:16  Pylon  
  30  3:25  Gateway  
  30  3:26  Gateway  
  30  3:30  Probe  
  30  3:31  Pylon  
  31  3:42  Probe  
  31  3:45  Shield Battery  
  32  3:52  Stargate  
  32  3:54  Probe  
  33  3:55  Shield Battery  
  33  3:58  Stalker  
  35  4:06  Probe  
  36  4:19  Probe  
  36  4:21  Robotics Facility  
  36  4:23  Twilight Council  
  37  4:28  Probe  
  37  4:30  Gateway  
  37  4:31  Probe  
  39  4:32  Pylon  
  39  4:37  Oracle  
  42  4:45  Zealot  
  44  4:48  Zealot  
  46  4:52  Zealot  
  46  4:53  Charge  
  46  4:54  Probe  
  46  4:56  Probe  
  50  5:01  Assimilator  
  50  5:07  Observer  
  50  5:10  Probe  
  52  5:25  Probe x2  
  54  5:28  Assimilator  
  54  5:31  Immortal  
  54  5:35  Zealot x2  
  60  5:37  Probe  
  60  5:40  Sentry  
  60  5:41  Probe  
  66  5:49  Probe  
  67  5:53  Probe  
  67  5:55  Pylon  
  68  6:01  Probe  
  69  6:07  Templar Archives  
  69  6:11  Probe  
  69  6:12  Pylon  
  69  6:13  Immortal  
  74  6:29  Nexus  
  74  6:38  Stalker x2  
  78  6:40  Probe  
  78  6:42  Probe  
  80  6:56  Forge  
  80  6:59  Forge  
  80  7:02  Zealot x2  
  80  7:06  Probe  
  80  7:08  Probe  
  86  7:10  Sentry  
  86  7:11  Zealot  
  90  7:16  Pylon  
  90  7:18  Probe  
  90  7:20  Probe  
  92  7:30  Probe  
  92  7:32  Probe  
  92  7:35  Stalker x3, Protoss Ground Weapons Level 1  
  92  7:36  Protoss Ground Armor Level 1  
  100  7:41  Probe  
  100  7:42  Probe  
  102  7:44  Probe  
  103  7:53  Photon Cannon, Probe  
  104  8:00  Probe x2  
  104  8:04  Immortal  
  109  8:13  Probe x2  
  111  8:21  Pylon  
  111  8:26  Photon Cannon  
  111  8:28  Photon Cannon  
  111  8:29  Pylon, Photon Cannon  
  111  8:32  High Templar x2, Pylon  
  111  8:33  High Templar  
  117  8:34  High Templar  
  117  8:37  Archon  
  117  8:38  Archon  
  119  8:41  Probe  
  120  8:49  Assimilator  
  120  8:50  Probe x2  
  120  8:55  Immortal  
  126  8:59  Robotics Facility  
  126  9:01  Pylon  
  126  9:03  Gateway  
  126  9:06  Gateway  
  126  9:09  High Templar x3  
  132  9:12  Zealot  
  132  9:13  Archon  
  134  9:21  Assimilator  
  134  9:23  Photon Cannon  
  134  9:25  Photon Cannon  
  134  9:27  Photon Cannon  
  134  9:29  Photon Cannon  
  134  9:32  Pylon  
  127  9:43  Zealot  
  127  9:44  Zealot x3  
  116  10:03  Immortal  
  116  10:06  High Templar x2  
  116  10:07  High Templar x2  
  126  10:09  Zealot x2  
  126  10:12  Archon x2  
  132  10:16  Protoss Ground Weapons Level 2, Shield Battery  
  132  10:17  Shield Battery  
  132  10:18  Photon Cannon x2  
  132  10:19  Protoss Ground Armor Level 2  
  132  10:20  Pylon  
  132  10:21  Pylon  
  132  10:27  Photon Cannon  
  132  10:29  Shield Battery  
  132  10:32  Shield Battery  
  132  10:34  Immortal  
  136  10:43  Immortal  
  140  10:56  Zealot  
  140  10:57  Zealot x4  
  140  10:59  Pylon  
  140  11:04  Pylon  
  142  11:17  Observer, Nexus  
  143  11:20  Pylon  
  143  11:22  Pylon, Dark Shrine, Probe  
  143  11:24  Observer  
  145  11:26  Pylon  
  145  11:31  Zealot x3  
  145  11:32  Zealot  
  153  11:47  Zealot x2  
  149  12:06  Zealot  
  149  12:07  Zealot x2  
  149  12:08  Zealot x3  
  157  12:14  Pylon  
  155  12:26  Immortal x2  
  162  12:42  Zealot  
  162  12:43  Zealot x5  
  98  13:04  Dark Templar x5  
  112  13:05  Immortal x2  
  108  13:24  Probe  
  109  13:31  Photon Cannon, Probe x2  
  111  13:34  Photon Cannon  
  111  13:36  High Templar, Probe  
  111  13:37  High Templar  
  111  13:38  High Templar x2  
  111  13:39  Photon Cannon  
  120  13:41  Archon  
  120  13:42  Archon  
  120  13:44  Immortal  
  120  13:45  Immortal  
  110  14:05  Zealot x2  
  114  14:16  Gateway  
  114  14:17  Gateway  
  114  14:22  Gateway  
  114  14:23  Gateway  
  114  14:26  Gateway  
  114  14:28  Gateway  
  92  14:39  Zealot x3  
  92  14:40  Zealot x3  
Tags
 
Add a new tag
Caveats
  • Supply blocks, unpowered buildings, or Contaminate may cause inaccurate times.
  • Supply counts are checked every 10 seconds.